 Dungeon Crawl Stone Soup version 0.27.1-37-g7b29ead8ac (console) character file.

Game seed: 8769950565458546523

5982 grimtooth the Fighter (level 10, -4/83 HPs)
             Began as a Mummy Necromancer on Apr 20, 2023.
             Was an Initiate of Gozag.
             Slain by Snorg (17 damage)
             ... on level 10 of the Dungeon.
             The game lasted 01:08:55 (15236 turns).

grimtooth the Fighter (Mummy Necromancer)          Turns: 15236, Time: 01:08:56

Health: -4/83      AC: 15    Str: 13    XL:     10   Next: 55%
Magic:  32/32      EV: 11    Int: 16    God:    Gozag
Gold:   951        SH:  0    Dex: 13    Spells: 15/27 levels left

rFire    . . .     SeeInvis .   c - +1 flail (drain)
rCold    + . .     Faith    .   (no shield)
rNeg     + + +     Spirit   .   E - +3 leather armour {rF+}
rPois    ∞         Reflect  .   F - +2 helmet
rElec    .         Harm     .   w - +0 cloak
rCorr    .         Rampage  .   (no gloves)
Will     +....                  (no boots)
Stlth    ++........             (no amulet)
HPRegen  0.23/turn              G - ring of magical power
MPRegen  0.23/turn              n - +4 ring of protection

@: no status effects
A: cold resistance 1, negative energy resistance 3, torment resistance 2, heat
vulnerability 1, no potions
a: Renounce Religion, Potion Petition, Call Merchant, Bribe Branch


You were on level 10 of the Dungeon.
You worshipped Gozag.
Gozag was pleased with you.
You visited 1 branch of the dungeon, and saw 10 of its levels.
You also visited: Sewer.

You collected 1591 gold pieces.
You spent 616 gold pieces at shops.
You paid 24 gold pieces to Gozag.

Inventory:

Hand Weapons
 c - a +1 flail of draining (weapon)
 v - a +1 vorpal flail
 x - a +4 quarterstaff of chaos
 y - a +1 vorpal mace
 B - a +3 dagger
 H - a +5 flail
Missiles
 b - 44 stones (quivered)
 g - 133 sling bullets
 l - 12 boomerangs
 s - 11 javelins
 C - 73 poisoned darts
Armour
 a - a +0 robe
 w - a +0 cloak (worn)
 E - a +3 leather armour of fire resistance (worn)
 F - a +2 helmet (worn)
 J - a scarf of repulsion
Jewellery
 e - a ring of flight
 j - a ring of willpower
 n - a +4 ring of protection (right hand)
 r - a ring of ice
 G - a ring of magical power (left hand)
 I - a ring of magical power
Wands
 k - a wand of digging (3)
 m - a wand of polymorph (3)
 q - a wand of flame (7)
 D - a wand of acid (1)
Scrolls
 d - 4 scrolls of enchant weapon
 f - 3 scrolls of amnesia
 h - 5 scrolls of teleportation
 i - a scroll of vulnerability
 o - 2 scrolls of enchant armour
 t - 2 scrolls of fear
 u - a scroll of brand weapon {unknown}
 z - 4 scrolls of noise
 A - a scroll of magic mapping {unknown}


   Skills:
 - Level 9.6 Fighting
 + Level 4.4 Armour
 - Level 1.5 Dodging
 - Level 1.5 Stealth
 - Level 9.0 Spellcasting
 - Level 9.0 Necromancy
 + Level 3.4 Ice Magic


You had 15 spell levels left.
You knew the following spells:

 Your Spells              Type           Power      Damage    Failure   Level
a - Pain                  Necr           100%       1d9       1%          1
b - Vampiric Draining     Necr           18%        2d8       1%          3
c - Ozocubu's Armour      Ice            18%        N/A       10%         3
e - Ensorcelled Hibernat  Hex/Ice        24%        N/A       10%         2
x - Confusing Touch       Hex            7%         N/A       36%         3

Your spell library contained the following spells:

 Spells                   Type           Power      Damage    Failure   Level
 Animate Skeleton         Necr           72%        N/A       1%          1
 Animate Dead             Necr           18%        N/A       3%          4
 Agony                    Necr           36%        N/A       9%          5
 Slow                     Hex            7%         N/A       19%         2
 Ignite Poison            Fire/Tmut/Pois 7%         N/A       36%         3
 Mephitic Cloud           Conj/Pois/Air  7%         N/A       36%         3
 Metabolic Englaciation   Hex/Ice        6%         N/A       86%         5
 Bolt of Magma            Conj/Fire/Erth 3%         4d5       98%         5


Dungeon Overview and Level Annotations

Branches:
Dungeon (10/15)            Temple (0/1) D:6             Orc (0/2) D:10
  Sewer (visited)
   Lair: D:8-11

Altars:
Cheibriados
Gozag
Makhleb
Okawaru
Trog
Uskayaw
Wu Jian
Xom

Shops:
D:1 [   D:3 ?   D:5 (   D:6 [!(   D:7 *

Annotations:
D:4 1 runed translucent door, Garenzo's ghost, amateur DrFE
D:8 exclusions: 3 doors and 1 more exclusion
D:10 exclusion: two-headed ogre, Snorg


Innate Abilities, Weirdness & Mutations

You are immune to poison.
Your flesh is cold resistant. (rC+)
You are immune to negative energy. (rN+++)
You are immune to unholy pain and torment.
You are vulnerable to heat. (rF-)
You do not drink.


Message History

Casting: Ozocubu's Armour (dangerous; 10% risk of failure)
Confirm with . or Enter, or press ? or * to list all spells.
Aiming: Pain (safe; 1% risk of failure)
Press: ? - help, Shift-Dir - straight line, f/p - Snorg
Aim: Snorg (severely wounded, berserk, covered in acid, chance to affect: 54%)
Okay, then.
Aiming: Throw Flame
Press: ? - help, Shift-Dir - straight line, f/p - Snorg
Aim: Snorg (severely wounded, berserk, covered in acid, 68% to hit)
Okay, then.
Aiming: Polymorph
Press: ? - help, Shift-Dir - straight line, f/p - Snorg
Aim: Snorg (severely wounded, berserk, covered in acid, will become a cane toad, a death drake, or a tarantella, chance to affect: 15%)
Okay, then.
Unknown command.
Aiming: Corrosive Bolt
Press: ? - help, Shift-Dir - straight line, f/p - Snorg
Aim: Snorg (severely wounded, berserk, covered in acid, 71% to hit)
The bolt of acid hits Snorg.
Snorg is splashed with acid!
Snorg seems to be corroded for longer.
Snorg is almost dead.
You hear a bellow!
There is a stone staircase leading down here.
Aiming: Corrosive Bolt
Press: ? - help, Shift-Dir - straight line, p - Snorg The bolt of acid hits Snorg!
Snorg is splashed with acid.
Snorg seems to be corroded for longer.
Snorg is almost dead.
Snorg rages.
Aiming: Corrosive Bolt
Press: ? - help, Shift-Dir - straight line The bolt of acid hits Snorg!
Snorg is splashed with acid.
Snorg is almost dead.
Snorg bites you.
* * * LOW HITPOINT WARNING * * *
Snorg claws you!
* * * LOW HITPOINT WARNING * * *
Snorg claws you!
You die...
Your body crumbles into a pile of gold.

..####.......#.#
#.####.........#
..#..#.........#
###..'.....#'### .##..#.##..#..#
# .. .##..#.##..#..# #. #. .
.##..#.....#### #.##.# ..
.##..########## +....###+#...
..............###+##............
..............+......[..........
.##..##########.@T....Y....Y....
.##..###........#.....#.(#
.##....#........#.....#..#
.##....#.#......#.....#..####.
###'#..'..!....................
....#..#########'###'########..
....#...##..[.##...#..#
....#...##....##...#..#
....#...##....##...#..#
..#.#...##....##..#####
....######...#######


You could see Snorg (berserk, corroded) and a death yak.

Vanquished Creatures
  2 trolls (D:10)
  A hornet (D:9)
  Grinder (D:5)
  A wraith (D:9)
  12 yaks
  3 steam dragons
  An orc warrior (D:10)
  A hornet zombie (D:8)
  4 sky beasts (D:6)
  An ice beast (D:7)
  3 centaurs
  5 kobold brigands
  2 bullfrogs
  6 scorpions
  A water moccasin skeleton (D:7)
  7 wights
  A crimson imp (D:8)
  A bullfrog zombie (D:5)
  A centaur zombie (D:7)
  A hound (D:7)
  A gnoll shaman (D:5)
  2 orc priests
  Crazy Yiuf (D:3)
  A bullfrog skeleton (D:5)
  A centaur skeleton (D:7)
  Terence (D:3)
  6 iguanas
  6 orc wizards
  Natasha (thrice) (D:3)
  A hound skeleton (D:4)
  An adder (D:4)
  3 gnolls (D:5)
  A white imp (D:8)
  An ufetubus (D:7)
  An adder skeleton (D:4)
  4 dart slugs
  26 orcs
  4 bats
  7 endoplasms
  9 giant cockroaches
  3 goblins
  5 hobgoblins
  9 jackals
  20 kobolds
  A quokka (D:6)
  10 ball pythons
  A frilled lizard (D:2)
  4 rats
188 creatures vanquished.

Vanquished Creatures (others)
  2 withered plants (D:4)
2 creatures vanquished.

Grand Total: 190 creatures vanquished

Notes
Turn   | Place    | Note
-------+----------+-------------------------------------------
     0 | D:1      | grimtooth the Mummy Necromancer began the quest for the
                  | Orb.
     0 | D:1      | Reached XP level 1. HP: 13/13 MP: 4/4
   198 | D:1      | Found Pauh's Armour Boutique.
   481 | D:1      | Found a faded altar of an unknown god.
   983 | D:2      | Found an iron altar of Okawaru.
  1037 | D:2      | Reached XP level 2. HP: 19/19 MP: 4/6
  1191 | D:2      | Got the Tome of Snow
  2112 | D:3      | Noticed Natasha
  2114 | D:3      | Killed Natasha
  2115 | D:3      | Reached XP level 3. HP: 24/24 MP: 5/8
  2144 | D:3      | Found a shimmering altar of Xom.
  2193 | D:3      | Found Filaxor's Magic Scroll Boutique.
  2201 | D:3      | Bought a scroll of identify for 20 gold pieces
  2227 | D:3      | Reached skill level 5 in Necromancy
  2754 | D:3      | Noticed Natasha
  2765 | D:3      | Killed Natasha
  2766 | D:3      | Reached XP level 4. HP: 30/30 MP: 3/9
  2766 | D:3      | Found an ornate altar of the Wu Jian Council.
  2826 | D:3      | Noticed Terence
  2912 | D:3      | Found a runed translucent door.
  2913 | D:3      | Noticed Crazy Yiuf
  2989 | D:3      | Noticed Natasha
  2995 | D:3      | Killed Natasha
  3317 | D:4      | Noticed Garenzo's ghost (amateur DrFE)
  3317 | D:4      | Found a runed translucent door.
  3342 | D:4      | Found an opulent altar of Gozag.
  3368 | D:4      | Became a worshipper of Gozag Ym Sagoz the Greedy
  3525 | D:4      | Noticed Edmund
  3539 | D:4      | Noticed a scorpion
  3546 | D:4      | Killed a scorpion
  3547 | D:4      | Reached XP level 5. HP: 34/35 MP: 4/11
  3670 | D:4      | Noticed Edmund
  3670 | D:4      | Edmund changed into Edmund the scorpion
  3674 | D:4      | Killed Edmund the scorpion
  4289 | D:4      | Reached XP level 6. HP: 40/41 MP: 6/13
  4469 | D:4      | Reached skill level 5 in Spellcasting
  4532 | D:4      | Found a bloodstained altar of Trog.
  4636 | D:4      | Learned a level 3 spell: Vampiric Draining
  4707 | D:3      | Killed Terence
  4780 | D:3      | Killed Crazy Yiuf
  5018 | D:5      | Entered Level 5 of the Dungeon
  5035 | D:5      | Noticed Grinder
  5396 | D:5      | Reached XP level 7. HP: 44/46 MP: 15/15
  6117 | D:5      | Found Wugroeda's Antique Weapon Emporium.
  6398 | D:6      | Found a glowing drain.
  6402 | Sewer    | Entered a sewer
  6628 | Sewer    | Reached skill level 1 in Fighting
  7109 | D:6      | Found Vetal's Weapon Emporium.
  7121 | D:6      | Found a snail-covered altar of Cheibriados.
  7256 | D:6      | Reached XP level 8. HP: 46/58 MP: 9/17
  7329 | D:6      | Found an iron altar of Okawaru.
  7782 | D:6      | Found Abar's Distillery.
  7996 | D:6      | Found a staircase to the Ecumenical Temple.
  8143 | D:7      | Reached skill level 5 in Fighting
  8297 | D:7      | Found Ynyir's Assorted Antiques.
 10050 | D:1      | Bought a +3 leather armour of fire resistance for 312 gold
                  | pieces
 10050 | D:1      | Bought a +2 helmet for 214 gold pieces
 10167 | D:3      | Bought a scroll of identify for 20 gold pieces
 10167 | D:3      | Bought a scroll of identify for 20 gold pieces
 10167 | D:3      | Bought a scroll of teleportation for 30 gold pieces
 10286 | D:5      | Killed Grinder
 10287 | D:5      | Reached XP level 9. HP: 66/72 MP: 18/18
 10847 | D:6      | Found Tidghueb's Armour Boutique.
 11964 | D:8      | Noticed a death yak
 12336 | D:8      | Found a burning altar of Makhleb.
 12502 | D:9      | Reached skill level 1 in Armour
 12820 | D:9      | Found a hide-covered altar of Uskayaw.
 13128 | D:9      | Reached XP level 10. HP: 76/83 MP: 23/23
 13337 | D:10     | Entered Level 10 of the Dungeon
 13749 | D:10     | Noticed Snorg
 13796 | D:10     | Learned a level 3 spell: Ozocubu's Armour
 13800 | D:10     | Learned a level 3 spell: Confusing Touch
 13803 | D:10     | Learned a level 2 spell: Ensorcelled Hibernation
 14132 | D:10     | Reached skill level 1 in Ice Magic
 14381 | D:10     | Found a staircase to the Orcish Mines.
 15115 | D:10     | Noticed a two-headed ogre
 15229 | D:10     | Noticed a death yak
 15236 | D:10     | Slain by Snorg

Illustrated notes

Levels and vault maps discovered:
D:1:      dpeg_arrival_signposts, layout_loops_ring,
          shapermc_ecumenical_altar_venn, serial_shops, nicolae_square_shop
D:2:      layout_basic, basic_altar, solitary_fountain
D:3:      layout_loops_ring, xom_teletrap_fun, nicolae_overflow_hidden_temple,
          serial_shops, shop, uniq_natasha, uniq_crazy_yiuf_cottage,
          uniq_terence
D:4:      layout_basic, grunt_gozag_statues,
          mainiacjoe_overflow_six_doors_small, gammafunk_ghost_grave,
          uniq_edmund
D:5:      layout_basic, serial_shops, shop, mrwooster_statue_mirror,
          uniq_grinder
D:6:      layout_rooms, okawaru_gym_becter, kennysheep_slug_shrine,
          minmay_temple_entry_hall, gup_sewer_entry_bowl, serial_shops,
          nicolae_shop_statue_plus, nicolae_square_shop,
          nicolae_shop_window_shopping, dk_noncrumbling_2,
          chequers_hall_statues_corner_a
D:7:      layout_cave_pods, serial_shops, shop, serial_column_ruins,
          column_ruins_hut, column_ruins_corridor_straight,
          column_ruins_columns_plus, column_ruins_open_tiny,
          column_ruins_columns_straight, column_ruins_grid_2,
          column_ruins_grid_1, minivault_22, chequers_serial_rivers_micro_a
D:8:      argonaut_augean_stables, layout_gridville, makhleb_grotto_becter
D:9:      layout_roguey, nicolae_uskayaw_dance_hall
D:10:     layout_stronghold, dpeg_lair_monsters, orc_0_dummy,
          serial_column_ruins, column_ruins_open_small, column_ruins_open_tiny,
          column_ruins_open_tiny, kennysheep_cross_bottleneck, uniq_snorg

Skill      XL: |  1  2  3  4  5  6  7  8  9 10 |
---------------+-------------------------------+-----
Spellcasting   | 3 4 5 6 9 |  9.0
Necromancy     | 5 6 7 8 9 |  9.0
Fighting       | 3 7 9 |  9.6
Armour         | 1 4 |  4.4
Ice Magic      | 3 |  3.4
Dodging        | |  1.5
Stealth        | |  1.5

Action                   |  1- 3 |  4- 6 |  7- 9 | 10-12 || total
-------------------------+-------+-------+-------+-------++-------
Melee: Dagger            |    17 |     8 |       |       ||    25
       Flail             |       |    23 |   392 |   141 ||   556
Throw: Stone             |    21 |    10 |    20 |       ||    51
       Dart              |       |     8 |    20 |     8 ||    36
 Cast: Pain              |    63 |    82 |    62 |     5 ||   212
       Vampiric Draining |       |     4 |    27 |    15 ||    46
       Ozocubu's Armour  |       |       |       |     2 ||     2
Evoke: Wand              |       |     2 |     7 |     8 ||    17
  Use: Scroll            |     2 |       |     3 |     3 ||     8
 Stab: Sleeping          |     1 |       |     2 |     1 ||     4
       Distracted        |       |       |     1 |     1 ||     2
Armor: Robe              |     8 |    18 |   130 |       ||   156
       Leather armour    |       |       |   139 |   109 ||   248
Dodge: Dodged            |    19 |    31 |   321 |   109 ||   480
